 Dungeon Crawl Stone Soup version 0.26.1-11-gd32895ea62 (webtiles) character file.

Game seed: 10160650745294772604

37 Descartes the Sneak (level 3, 0/16 HPs)
             Began as a Felid Wanderer on June 22, 2021.
             Slain by a white imp (2 damage)
             ... summoned by Natasha
             ... on level 2 of the Dungeon.
             The game lasted 00:01:28 (1568 turns).

Descartes the Sneak (Felid Wanderer)                Turns: 1568, Time: 00:01:29

Health: 0/16       AC:  1    Str: 10    XL:     3   Next: 23%
Magic:  4/4        EV: 15    Int: 15    God:
Gold:   91         SH:  0    Dex: 12    Spells: 2/2 levels left
                                        Lives:  0   Deaths: 0

rFire    . . .     SeeInvis +     - Unarmed
rCold    . . .     Faith    .   (shield unavailable)
rNeg     . . .     Spirit   .   (armour unavailable)
rPois    .         Reflect  .   (helmet unavailable)
rElec    .         Harm     .   (cloak unavailable)
rCorr    .         Rampage  .   (gloves unavailable)
Will     .....                  (boots unavailable)
Stlth    +++.......             (no amulet)
HPRegen  0.05/turn              (no ring)
MPRegen  0.09/turn              (no ring)

@: quick
A: very small, no armour, no weapons or thrown items, stealth, claws 1, fangs 3,
see invisible, speed 1, shaggy fur 1, sharp paws
a: no special abilities


You were on level 2 of the Dungeon.
You visited 1 branch of the dungeon, and saw 2 of its levels.

You collected 91 gold pieces.

Inventory:

Scrolls
 d - a scroll of teleportation {unknown}
 e - a scroll of enchant armour {unknown}
 f - a scroll of immolation {unknown}
 g - a scroll of fog {unknown}
 h - a scroll of fear {unknown}
Potions
 a - a potion of berserk rage
 b - a potion of haste
 c - a potion of lignification


   Skills:
 + Level 2.6 Fighting
 + Level 3.7 Stealth
 + Level 3.5 Unarmed Combat
 - Level 2.6 Fire Magic


You had 2 spell levels left.
You didn't know any spells.
Your spell library was empty.

Dungeon Overview and Level Annotations

Branches:
Dungeon (2/15)

Altars:

Annotations:
D:2 Natasha


Innate Abilities, Weirdness & Mutations

You cannot wear armour.
You are incapable of wielding weapons or throwing items.
Your paws allow you to move quietly. (Stealth)
You have sharp claws.
You have razor-sharp teeth.
You have supernaturally acute eyesight. (SInv)
You cover ground quickly.
You are covered in fur. (AC +1)
Your sharp claws are effective at attacking unaware monsters.


Message History

You barely miss Natasha. You bite Natasha.
Natasha is heavily wounded.
Natasha casts a spell.
You completely miss Natasha.
Natasha is heavily wounded.
Natasha closely misses you.
You scratch Natasha.
Natasha is severely wounded.
Natasha stares at you and mumbles some strange words.
The magic dart hits you!
Ouch! That really hurt!
You are too injured to fight recklessly!
You are too injured to fight recklessly!
You are too injured to fight recklessly!
You barely miss Natasha.
Natasha is severely wounded.
The white imp hits you.
* * * LOW HITPOINT WARNING * * *
The white imp freezes you.
You die...

#..............
#..............#
............####+###
##................[#
....##.............#
#....#.............#
#....#.............#
#....##.###.....h..#
#..<.##+###....5@..#
#..................#
#(.................#
..............#
..........†...#
......#####+###
...... (..... ....


You could see Natasha and a white imp (summoned).

Vanquished Creatures
  2 dart slugs
  2 leopard geckos
  3 bats
  2 giant cockroaches
  2 goblins (D:1)
  7 hobgoblins
  2 jackals (D:1)
  2 kobolds (D:1)
  2 frilled lizards (D:1)
  5 rats (D:1)
29 creatures vanquished.

Notes
Turn   | Place    | Note
-------+----------+-------------------------------------------
     0 | D:1      | Descartes the Felid Wanderer began the quest for the Orb.
     0 | D:1      | Descartes set off with the following items: a potion of
                  | berserk rage, a potion of haste, a potion of lignification
     0 | D:1      | Reached XP level 1. HP: 9/9 MP: 2/2
   331 | D:1      | Reached XP level 2. HP: 4/13 MP: 3/3
  1132 | D:1      | Reached XP level 3. HP: 8/16 MP: 4/4
  1553 | D:2      | Noticed Natasha
  1568 | D:2      | Slain by a white imp

Illustrated notes

Levels and vault maps discovered:
D:1:      co_arrival_square_in_a_square_in_a_square, layout_rooms,
          chequers_serial_rivers_small_3, minmay_crystal_water, grunt_decor_cap,
          minmay_misc_feat_x
D:2:      minmay_chambers_of_ones, layout_basic,
          yredelemnul_forgotten_temple_becter, lemuel_coloured_pillars_altar,
          uniq_crazy_yiuf_cottage, uniq_natasha

Skill      XL: |  1 |
---------------+----+-----
Stealth        | 3 |  3.7
Fighting       | |  2.6
Unarmed Combat | |  3.5
Fire Magic     | |  2.6

Action                   || total
-------------------------++-------
Melee: Unarmed           ||    71
       Bite              ||     5
       Punch             ||     1
 Stab: Sleeping          ||     7
       Distracted        ||     1
Armor: Skin              ||     2
Dodge: Dodged            ||    44
